 Dungeon Crawl Stone Soup version 0.30-a0-347-gf58ed5266c (webtiles) character file.

Game seed: 12012351807842428989

43 mopl the Firebug (level 3, -6/26 HPs)
             Began as a Draconian Fire Elementalist on Nov 6, 2022.
             Mangled by Crazy Yiuf
             ... wielding a +4 quarterstaff of chaos
              (11 damage)
             ... on level 2 of the Dungeon.
             The game lasted 00:02:05 (923 turns).

mopl the Firebug (Draconian Fire Elementalist)       Turns: 923, Time: 00:02:07

Health: -6/26      AC:  5    Str: 10    XL:     3   Next: 37%
Magic:  1/7        EV: 12    Int: 17    God:
Gold:   71         SH:  0    Dex: 11    Spells: 4/7 levels left

rFire   . . .      SeeInvis .    a - +2 dagger (drain)
rCold   . . .      Faith    .    (no shield)
rNeg    . . .      Spirit   .    (body armour unavailable)
rPois   .          Reflect  .    (helmet restricted)
rElec   .          Harm     .    (no cloak)
rCorr   .          Rampage  .    (no gloves)
Will    .....                    (no boots)
Stlth   ++........               (no amulet)
HPRegen 0.24/turn                (no ring)
MPRegen 0.10/turn                (no ring)

@: no status effects
A: AC +5, unfitting armour, cold-blooded
a: no special abilities


You were on level 2 of the Dungeon.
You visited 1 branch of the dungeon, and saw 2 of its levels.

You collected 71 gold pieces.

Inventory:

Hand Weapons
 a - a +2 dagger of draining (weapon)
Scrolls
 b - 2 scrolls of teleportation {unknown}
 f - a scroll of brand weapon {unknown}
 g - a scroll of identify {unknown}
 h - 3 scrolls of vulnerability
Potions
 c - 4 potions of curing {unknown}
 d - a potion of attraction {unknown}
 e - a potion of might {unknown}
 j - a potion of lignification {unknown}
 k - a potion of magic


   Skills:
 - Level 1.7 Dodging
 - Level 1.7 Stealth
 + Level 2.9 Spellcasting
 + Level 2.4 Conjurations
 - Level 3.0 Fire Magic


You had 4 spell levels left.
You knew the following spells:

 Your Spells              Type           Power      Damage    Failure   Level
a - Foxfire               Conj/Fire      44%        2x1d6     6%          1
b - Scorch                Fire           24%        2d6       8%          2

Your spell library contained the following spells:

 Spells                   Type           Power      Damage    Failure   Level
 Summon Small Mammal      Summ           8%         N/A       19%         1
 Inner Flame              Hex/Fire       7%         N/A       28%         3
 Kindle Blastsparks       Fire/Tloc/Air  10%        2d10      34%         3
 Call Canine Familiar     Summ           2%         N/A       47%         3
 Summon Guardian Golem    Hex/Summ       2%         N/A       47%         3
 Flame Wave               Conj/Fire      11%        2d6       50%         4


Dungeon Overview and Level Annotations

Branches:
Dungeon (2/15)

Altars:

Annotations:
D:2 Crazy Yiuf


Innate Abilities, Weirdness & Mutations

Your plain brown scales are hard. (AC +5)
You cannot fit into any form of body armour.
You are cold-blooded and may be slowed by cold attacks.


Message History

You hit the worm. You drain the worm.
You kill the worm!
No target in view!
Found 6 stones.
You see here 6 stones.
Found a leather armour.
You see here a +0 leather armour.
A goblin comes into view. It is wielding a +0 dagger.
The goblin shouts!
You hit the goblin. You drain the goblin.
You kill the goblin!
Things that are here:
a +0 dagger; a goblin corpse
Found a hammer.
No target in view!
Found three hammers.
Found a runed translucent door.
You see here a +0 hammer.
Found a hammer.
Found a glowing hammer.
Crazy Yiuf shouts!
You open the door.
Crazy Yiuf says, "Island!
Cod aubergine sanguine."
Flames lash Crazy Yiuf.
Crazy Yiuf is lightly wounded.
Crazy Yiuf's fire resistance burns away.
Flames lash Crazy Yiuf.
Crazy Yiuf is burned terribly!
Crazy Yiuf is heavily wounded.
Crazy Yiuf hits you with a +4 quarterstaff of chaos!
You feel yourself slow down. Crazy Yiuf freezes you.
Flames lash Crazy Yiuf.
Crazy Yiuf is burned terribly!
Crazy Yiuf is almost dead.
Crazy Yiuf closely misses you.
You closely miss Crazy Yiuf.
Crazy Yiuf is almost dead.
You feel yourself speed up.
Crazy Yiuf hits you with a +4 quarterstaff of chaos!
Crazy Yiuf freezes you.
* * * LOW HITPOINT WARNING * * *
Crazy Yiuf hits you with a +4 quarterstaff of chaos!
You die...

..........#
##......#######
..........#
######...)...#
.....>....#
#######.##
.........## #..#
......... ##.#
........ #.#
######## ###
#####.# #)).###
##..#..#
#.))g@####.P....#
#)..##..#..P...##
### ###)#...###
#######


You could see Crazy Yiuf (combustible).

Vanquished Creatures
  An adder (D:2)
  A worm (D:2)
  A dart slug (D:1)
  A ball python (D:2)
  2 bats
  An endoplasm (D:1)
  A giant cockroach (D:1)
  3 goblins
  6 hobgoblins (D:2)
  3 quokkas
  A frilled lizard (D:1)
  2 kobolds (D:2)
  3 rats (D:1)
26 creatures vanquished.

Vanquished Creatures (others)
  15 foxfires (D:1)
  2 plants (D:2)
17 creatures vanquished.

Grand Total: 43 creatures vanquished

Notes
Turn   | Place    | Note
-------+----------+-------------------------------------------
     0 | D:1      | mopl the Draconian Fire Elementalist began the quest for
                  | the Orb.
     0 | D:1      | Reached XP level 1. HP: 14/14 MP: 3/3
   269 | D:1      | Reached XP level 2. HP: 17/20 MP: 1/5
   311 | D:1      | Learned a level 2 spell: Scorch
   661 | D:2      | Reached skill level 2 in Conjurations
   679 | D:2      | Reached XP level 3. HP: 26/26 MP: 0/7
   915 | D:2      | Found a runed translucent door.
   916 | D:2      | Noticed Crazy Yiuf
   923 | D:2      | Mangled by Crazy Yiuf

Illustrated notes

Levels and vault maps discovered:
D:1:      eino_arrival_water_cross, layout_loops_ring, nicolae_eternal_life
D:2:      layout_basic, serial_forest, infiniplex_forest_diagonal,
          infiniplex_forest_lined_4_way, infiniplex_forest_pool,
          infiniplex_forest_clump_tiny, infiniplex_forest_end_double,
          infiniplex_forest_lined_ring, infiniplex_forest_corner_2,
          uniq_crazy_yiuf_cottage

Skill      XL: |  1  2 |
---------------+-------+-----
Conjurations   | 2 |  2.4
Dodging        | |  1.7
Stealth        | |  1.7
Spellcasting   | |  2.9
Fire Magic     | |  3.0

Action                   || total
-------------------------++-------
Melee: Unarmed           ||    20
       Tailslap          ||     6
       Rapier            ||    10
       Punch             ||     2
       Dagger            ||    24
 Cast: Foxfire           ||    11
       Scorch            ||    15
  Use: Scroll            ||     1
Armor: Skin              ||    16
Dodge: Dodged            ||    43

Table legend: (Time is in decaauts)
 A = Elapsed time spent in this place.
 B = Non-inter-level travel time spent in this place.
 C = Inter-level travel time spent in this place.
 D = Time resting spent in this place.
 E = Time spent auto-exploring this place.
 F = Levels seen in this place.
 G = Mean time per level.
                   A        B        C        D        E       F      G
               +--------+--------+--------+--------+--------+-----+--------+
         Total |    924 |    910 |     14 |     21 |    635 |   2 |  462.0 |
       Dungeon |    924 |    910 |     14 |     21 |    635 |   2 |  462.0 |
               +--------+--------+--------+--------+--------+-----+--------+

Top non-repeatable levels by time:
     D:1: 614 daAuts
     D:2: 310 daAuts
